 Dungeon Crawl Stone Soup version 0.20-a0-16-g0876c8e (webtiles) character file.

1563 KristoblXynda the Chopper (level 8, -2/62 HPs)
             Began as a Minotaur Skald on Nov 3, 2016.
             Slain by a worker ant (5 damage)
             ... on level 7 of the Dungeon.
             The game lasted 00:12:21 (6054 turns).

KristoblXynda the Chopper (Minotaur Skald)          Turns: 6054, Time: 00:12:22

Health: -2/62      AC: 11    Str: 17    XL:     8   Next: 58%
Magic:  9/9        EV: 10    Int: 11    God:
Gold:   420        SH:  0    Dex: 10    Spells: 1 memorised, 6 levels left

rFire  . . .     SeeInvis .     l - +0 war axe
rCold  . . .     Gourm    .     z - +0 scale mail
rNeg   . . .     Faith    .     (no shield)
rPois  +         Spirit   .     (helmet restricted)
rElec  .         Reflect  .     o - +1 cloak
rCorr  .         Harm     .     h - +0 pair of gloves
MR     .....                    (no boots)
Stlth  ..........               (no amulet)
                                t - ring of poison resistance
                                F - ring of wizardry

@: no status effects
A: retaliatory headbutt, horns 2
a: no special abilities


You were on level 7 of the Dungeon.
You were hungry.

You visited 1 branch of the dungeon, and saw 7 of its levels.

You collected 420 gold pieces.

Inventory:

Hand Weapons
 l - a +0 war axe (weapon)
Missiles
 v - 4 silver javelins (quivered)
Armour
 f - a +0 buckler
 h - a +0 pair of gloves (worn)
 o - a +1 cloak (worn)
 w - a +0 chain mail
 z - a +0 scale mail (worn)
Jewellery
 k - a +5 ring of dexterity
 p - an uncursed ring of stealth
 t - a ring of poison resistance (right hand)
 y - the ring "Nuijaroa" {+Fly rElec}
   (You found it on level 5 of the Dungeon)

   [ring of flight]

   It insulates you from electricity.
   It lets you fly.
 F - a ring of wizardry (left hand)
Wands
 i - a wand of polymorph (9/24)
Scrolls
 j - 2 scrolls of fog
 m - 7 scrolls of identify
 q - 2 scrolls of recharging
Potions
 e - 4 potions of flight
 n - a potion of mutation {unknown}
 r - a potion of resistance
 u - a potion of berserk rage {unknown}
 x - 2 potions of brilliance {unknown}
 C - 2 potions of lignification {unknown}
 G - a potion of cancellation {unknown}
Books
 a - a book of Flames

   Spells                             Type                      Level
   a - Flame Tongue                   Conjuration/Fire             1
   b - Throw Flame                    Conjuration/Fire             2
   c - Conjure Flame                  Conjuration/Fire             3
   d - Inner Flame                    Hexes/Fire                   3
   e - Sticky Flame                   Conjuration/Fire             4
   f - Fireball                       Conjuration/Fire             5
 c - a book of Battle

   Spells                             Type                      Level
   a - Infusion                       Charms                       1
   b - Shroud of Golubria             Charms/Translocation         2
   c - Song of Slaying                Charms                       2
   d - Spectral Weapon                Hexes/Charms                 3
   e - Regeneration                   Charms/Necromancy            3
 A - a book of Misfortune

   Spells                             Type                      Level
   a - Confusing Touch                Hexes                        1
   b - Confuse                        Hexes                        3
   c - Gell's Gravitas                Hexes/Translocation          3
   d - Petrify                        Transmutation/Earth          4
   e - Metabolic Englaciation         Hexes/Ice                    5
   f - Yara's Violent Unravelling     Hexes/Transmutation          5
Comestibles
 d - 6 bread rations
 g - 2 fruits
 s - 4 meat rations


   Skills:
 - Level 2.4 Fighting
 + Level 7.8 Axes
 + Level 7.3 Armour
 - Level 1.1 Dodging
 - Level 1.3 Spellcasting
 - Level 3.5 Charms
 + Level 3.4 Necromancy


You had 6 spell levels left.
You knew the following spells:

 Your Spells              Type           Power        Failure   Level  Hunger
b - Regeneration          Chrm/Necr      #.........   41%         3    ####...


Dungeon Overview and Level Annotations

Branches:
Dungeon (7/15)
 Temple: D:4-7

Altars:
Ru


Innate Abilities, Weirdness & Mutations

You reflexively headbutt those who attack you in melee.
You have a pair of horns on your head.


Message History

* * * LOW HITPOINT WARNING * * *
You feel sick.
You are no longer poisoned.
A hungry ghost comes into view.
The jelly hits you but does no damage.
You see here 34 gold pieces.
The jelly hits you but does no damage.
Found a copper wand.
The hungry ghost hits you.
You are feeling hungry.
You see here 11 poisoned needles.
A worker ant comes into view.
The worker ant twitches its antennae in your direction.
Found a stone staircase leading down.
The worker ant bites you.
* * * LOW HITPOINT WARNING * * *
The worker ant bites you.
* * * LOW HITPOINT WARNING * * *
The worker ant bites you.
You die...

###########
..........>#
.......# #@# #
.......###a####.#
.........J.....#
#.....W.....###
#...............
#...........####
#...........#
#...........#
#...........#


You could see a hungry ghost, a jelly and a worker ant.

Vanquished Creatures
  Menkaure (D:5)
  An orc warrior (D:7)
  A phantom (D:6)
  The ghost of KristoblXynda the Chopper, an amateur MiSk (D:3)
  A centaur (D:7)
  2 ogres
  A big kobold (D:4)
  3 bullfrogs (D:6)
  A howler monkey (D:4)
  2 crimson imps
  An orc priest (D:4)
  A bullfrog zombie (D:7)
  A centaur skeleton (D:4)
  3 hounds
  6 orc wizards
  An iguana (D:5)
  A worker ant (D:4)
  4 gnolls (D:5)
  4 adders
  A shadow imp (D:4)
  An adder skeleton (D:5)
  4 worms
  A dart slug (D:1)
  3 leopard geckos
  9 orcs
  5 bats
  4 giant cockroaches
  6 goblins
  9 hobgoblins
  6 jackals
  3 quokkas
  A ball python skeleton (D:4)
  6 frilled lizards
  4 kobolds
  A quokka skeleton (D:6)
  5 rats (D:1)
105 creatures vanquished.

Notes
Turn   | Place    | Note
-------+----------+-------------------------------------------
     0 | D:1      | KristoblXynda the Minotaur Skald began the quest for the Orb.
     0 | D:1      | Reached XP level 1. HP: 18/18 MP: 1/1
    88 | D:1      | Reached XP level 2. HP: 13/25 MP: 3/3
  1278 | D:2      | Reached XP level 3. HP: 16/30 MP: 4/4
  1907 | D:3      | Learned a level 3 spell: Regeneration
  2172 | D:3      | Noticed KristoblXynda's ghost (amateur MiSk)
  2204 | D:3      | Killed KristoblXynda's ghost
  2204 | D:3      | Reached XP level 4. HP: 29/37 MP: 5/5
  2204 | D:3      | Reached XP level 5. HP: 33/42 MP: 6/6
  3155 | D:4      | Reached XP level 6. HP: 37/50 MP: 7/7
  3234 | D:4      | Reached skill level 5 in Axes
  3972 | D:5      | Entered Level 5 of the Dungeon
  4032 | D:5      | Noticed Menkaure
  4034 | D:5      | Reached skill level 5 in Armour
  4034 | D:5      | Reached XP level 7. HP: 56/56 MP: 8/8
  4045 | D:5      | Killed Menkaure
  4045 | D:5      | Reached skill level 1 in Necromancy
  4341 | D:5      | Got a brightly glowing lead ring
  4342 | D:5      | Identified the ring "Nuijaroa" {+Fly rElec} (You found it on level 5 of the Dungeon)
  5243 | D:6      | Reached XP level 8. HP: 59/62 MP: 9/9
  5568 | D:6      | Found a sacrificial altar of Ru.
  6010 | D:7      | HP: 3/62 [adder (3)]
  6018 | D:7      | HP: 1/62 [poisoned by an adder]
  6052 | D:7      | HP: 2/62 [worker ant (4)]
  6054 | D:7      | Slain by a worker ant

Vault maps used:
D:1:      matt_arrival_grand_opening
D:2:      chequers_big_river
D:4:      serial_glass, glass_columns_c, glass_columns_a, first_bread,
          minmay_cut_off
D:5:      minivault_19, sigmund_army, uniq_menkaure
D:6:      nicolae_ru_path_of_blood

Skill      XL: |  1  2  3  4  5  6  7  8 |
---------------+-------------------------+-----
Armour         | 2 3 4 5 6 7 |  7.3
Axes           | 3 4 5 6 7 |  7.8
Charms         | 3 |  3.5
Necromancy     | 2 3 |  3.4
Fighting       | |  2.4
Dodging        | |  1.1
Spellcasting   | |  1.3

Action                   |  1- 3 |  4- 6 |  7- 9 || total
-------------------------+-------+-------+-------++-------
Melee: Hand axe          |   131 |   129 |       ||   260
       Headbutt          |    17 |    20 |    31 ||    68
       War axe           |       |    10 |   139 ||   149
Evoke: Wand              |       |       |     1 ||     1
  Use: Scroll            |     3 |    10 |     5 ||    18
       Potion            |     3 |     6 |     3 ||    12
  Eat: Chunk             |     4 |     4 |     1 ||     9
       Meat ration       |       |     1 |       ||     1
       Fruit             |       |       |     1 ||     1
       Beef jerky        |       |       |     1 ||     1
Armor: Leather armour    |    11 |       |       ||    11
       Ring mail         |    40 |    67 |     8 ||   115
       Scale mail        |       |       |    55 ||    55
Dodge: Dodged            |    80 |    69 |    89 ||   238
